 Dungeon Crawl Stone Soup version 0.27-a0-416-gca2cecf3c0 (webtiles) character file.

Game seed: 16905940699154141959

447 Morbidden the Skirmisher (level 6, 37/48 HPs)
             Began as a Demonspawn Fighter on Feb 25, 2021.
             Quit the game on level 3 of the Dungeon.
             The game lasted 00:02:34 (2954 turns).

Morbidden the Skirmisher (Demonspawn Fighter)       Turns: 2954, Time: 00:02:35

Health: 37/48      AC: 10    Str: 16    XL:     6   Next: 73%
Magic:  6/6        EV:  7    Int: 11    God:
Gold:   66         SH: 10    Dex: 13    Spells: 5/5 levels left

rFire    . . .     SeeInvis .   a - +0 long sword
rCold    . . .     Faith    .   c - +1 kite shield
rNeg     . . .     Spirit   .   b - +0 scale mail
rPois    .         Reflect  .   (helmet restricted)
rElec    .         Harm     .   (no cloak)
rCorr    .         Rampage  .   (no gloves)
Will     .....                  k - +0 pair of boots
Stlth    ..........             m - amulet of magic regeneration
HPRegen  0.16/turn              (no ring)
MPRegen  0.35/turn              (no ring)

@: no status effects
A: antennae 1, icy blue scales 1, foul stench 1
a: no special abilities


You were on level 3 of the Dungeon.
You visited 1 branch of the dungeon, and saw 3 of its levels.

You collected 66 gold pieces.

Inventory:

Hand Weapons
 a - a +0 long sword (weapon)
Missiles
 j - 4 curare-tipped darts (quivered)
Armour
 b - a +0 scale mail (worn)
 c - a +1 kite shield (worn)
 k - a +0 pair of boots (worn)
Jewellery
 m - an amulet of magic regeneration (around neck)
Wands
 p - a wand of digging (2)
Scrolls
 e - 3 scrolls of teleportation {unknown}
 o - 2 scrolls of identify {unknown}
 s - a scroll of immolation {unknown}
Potions
 d - a potion of might
 f - a potion of heal wounds
 g - 4 potions of curing {unknown}
 h - a potion of flight {unknown}
 i - a potion of mutation {unknown}
 l - a potion of berserk rage {unknown}
 n - a potion of lignification {unknown}
 q - a potion of attraction {unknown}
 r - a potion of degeneration {unknown}


   Skills:
 + Level 4.1 Fighting
 + Level 4.1 Long Blades
 + Level 0.9 Throwing
 + Level 3.7 Armour
 + Level 1.2 Dodging
 + Level 0.2 Stealth
 + Level 3.9 Shields


You had 5 spell levels left.
You didn't know any spells.
Your spell library was empty.

Dungeon Overview and Level Annotations

Branches:
Dungeon (3/15)

Altars:
Makhleb


Innate Abilities, Weirdness & Mutations

You have a pair of small antennae on your head.
You are partially covered in icy blue scales. (AC +2)
You may rarely emit foul miasma when damaged in melee.


Message History

The puff of flame hits you but does no damage.
Found a scroll labelled OTETZU GECYIWEOPOO.
There is a stone staircase leading up here.
You hit Grinder.
Grinder is severely wounded.
Grinder hits you but does no damage.
You hit Grinder.
Grinder is almost dead.
Grinder closely misses you.
Grinder zaps a wand.
The puff of flame misses you.
You hit Grinder.
Grinder is almost dead.
Grinder blinks!
Grinder zaps a wand.
The puff of flame hits you but does no damage.
Grinder zaps a wand.
The puff of flame hits you but does no damage.
You completely miss Grinder.
Grinder is almost dead.
Grinder gestures at you.
You suddenly lose the ability to move!
Grinder hits you but does no damage. Grinder hits you.
Grinder hits you but does no damage. Grinder hits you.
You writhe in agony.
You can move again.
You barely miss Grinder.
Grinder is almost dead.
Grinder zaps a wand.
The puff of flame misses you.
Unknown command.
You hit Grinder.
You kill Grinder!
Your Fighting skill increases to level 4!
Your Long Blades skill increases to level 4!
Your Dodging skill increases to level 1!
You have reached level 6!
Your experience leads to an increase in your attributes!
Increase (S)trength, (I)ntelligence, or (D)exterity?
You feel clever.
Your demonic ancestry asserts itself...
A pair of antennae grows on your head!
Unknown command.
Are you sure you want to abandon this character and quit the game? (Confirm with "yes".)

..#.....# ...# ####.##.#
#...# #######.# #...#
##. ...# #.# #...#...
##.# #.# ######...#.##.
##.####.###.............
##.#.)....†...<......#..
##.#.##...#.....?.......
...#.##)..######@..#.##
####.##...# #./.......
...#.##)..# #..?.##.##
##.#.##...# #....# #
##.#......# #....#
.........## #.##.#
)#......## #. .#
...###### #. .. .###


There were no monsters in sight!

Vanquished Creatures
  Grinder (D:3)
  Sigmund (D:3)
  4 adders
  3 worms (D:2)
  A leopard gecko (D:2)
  6 orcs
  7 bats
  5 giant cockroaches
  9 goblins
  4 hobgoblins
  3 jackals (D:2)
  8 frilled lizards
  4 kobolds
  6 rats
62 creatures vanquished.

Notes
Turn   | Place    | Note
-------+----------+-------------------------------------------
     0 | D:1      | Morbidden the Demonspawn Fighter began the quest for the
                  | Orb.
     0 | D:1      | Reached XP level 1. HP: 18/18 MP: 1/1
   344 | D:1      | Gained mutation: You are partially covered in icy blue
                  | scales. (AC +2) [demonic ancestry]
   344 | D:1      | Reached XP level 2. HP: 15/24 MP: 2/2
  1475 | D:2      | Reached XP level 3. HP: 26/29 MP: 3/3
  1854 | D:2      | Found a burning altar of Makhleb.
  2109 | D:2      | Gained mutation: You may rarely emit foul miasma when
                  | damaged in melee. [demonic ancestry]
  2109 | D:2      | Reached XP level 4. HP: 36/36 MP: 4/4
  2774 | D:3      | Noticed Sigmund
  2785 | D:3      | Killed Sigmund
  2786 | D:3      | Reached XP level 5. HP: 35/42 MP: 5/5
  2932 | D:3      | Noticed Grinder
  2948 | D:3      | Paralysed by Grinder for 4 turns
  2953 | D:3      | Killed Grinder
  2954 | D:3      | Reached skill level 1 in Dodging
  2954 | D:3      | Gained mutation: You have a pair of small antennae on your
                  | head. [demonic ancestry]
  2954 | D:3      | Reached XP level 6. HP: 37/48 MP: 6/6
  2954 | D:3      | Quit the game

Illustrated notes

Levels and vault maps discovered:
D:1:      lightli_arrival_statue_moat, layout_basic
D:2:      layout_loops_ring, bloody_makhleb
D:3:      layout_loops_cross, cheibriados_altar_2, uniq_natasha, uniq_grinder,
          uniq_robin, uniq_sigmund

Skill      XL: |  1  2  3  4  5 |
---------------+----------------+-----
Armour         | 3 |  3.7
Long Blades    | 2 3 4 |  4.1
Shields        | 3 |  3.9
Fighting       | 4 |  4.1
Dodging        | 1 |  1.2
Throwing       | |  0.9
Stealth        | |  0.2

Action                   |  1- 3 |  4- 6 || total
-------------------------+-------+-------++-------
Melee: Long sword        |   168 |    62 ||   230
Throw: Dart              |       |     5 ||     5
  Use: Scroll            |     3 |       ||     3
       Potion            |     1 |       ||     1
Armor: Scale mail        |   117 |    37 ||   154
Dodge: Dodged            |    67 |    22 ||    89
Block: Kite shield       |    95 |    45 ||   140
       Rpst.: Long sword |    17 |     8 ||    25

Table legend: (Time is in decaauts)
 A = Elapsed time spent in this place.
 B = Non-inter-level travel time spent in this place.
 C = Inter-level travel time spent in this place.
 D = Time resting spent in this place.
 E = Time spent auto-exploring this place.
 F = Levels seen in this place.
 G = Mean time per level.
                   A        B        C        D        E       F      G
               +--------+--------+--------+--------+--------+-----+--------+
         Total |   3083 |   3016 |     67 |      0 |   2405 |   3 | 1027.7 |
       Dungeon |   3083 |   3016 |     67 |      0 |   2405 |   3 | 1027.7 |
               +--------+--------+--------+--------+--------+-----+--------+

Top non-repeatable levels by time:
     D:1: 1385 daAuts
     D:2: 1335 daAuts
     D:3: 362 daAuts
